 BcadrenCrawl: Boulder Brew version 0.05.3-2-gcdc55d29ad (webtiles) character file.

Game seed: 16514403213335177808, levelgen mode: deterministic

5595 theanonym the Cruncher (level 10, -7/91 HPs) Minotaur Noble. Began on Sept 9, 2021. Was a Believer of Okawaru. Mangled by a boulder beetle (35 damage) ... on level 5 of the Dungeon. The game lasted 00:20:18 (7266 turns).

theanonym the Cruncher (Minotaur Noble)             Turns: 7266, Time: 00:20:18

Health: -7/91      AC: 24    Str: 38    XL:     10 ^: 2979
Magic:  12/12      EV:  9    Int:  7    God:    Okawaru [2* [70]]
Gold:   397        SH:  0    Dex:  8    Spells: 11/11 levels left

rFire    + . .     Vision   .   a - +0 morningstar
rCold    + . .     Gourm    .   h - +0 morningstar
rNeg     . . .     Faith    .   b - +2 gold dragon scales
rCorr    . . .     Spirit   .   (helmet restricted)
rPois    +         Reflect  .   (no cloak)
rElec    .         Harm     .   g - +2 pair of gloves
MR       .....                  i - +1 pair of boots
Stlth    ..........             (no amulet)
HPRegen  0.40/turn              o - ring of strength
MPRegen  0.22/turn              (no ring)

@: mighty
A: horns, retaliatory headbutt 2, STR +4
a: Heroism, Renounce Religion


Innate Abilities, Weirdness & Mutations

You reflexively attack those that strike you in melee with your horns.
You are very strong. (STR +4)


   Skills:
 + Level 9.0 Fighting
 * Level 12.4 Maces & Staves
 + Level 9.0 Armour
 - Level 0.7 Stealth
 - Level 1.0 Spellcasting
 + Level 4.0 Invocations


You had 11 spell levels left.
You didn't know any spells.
Your spell library was empty.

Skill      XL: |  1  2  3  4  5  6  7  8  9 10 |
---------------+-------------------------------+-----
Maces & Staves | 1 2 3 4 5 6 7 9 11 12 | 12.4
Armour         | 1 2 3 4 5 6 8 9 |  9.0
Fighting       | 2 3 4 5 7 8 9 |  9.0
Invocations    | 2 4 |  4.0
Stealth        | |  0.7
Spellcasting   | |  1.0

Action                   |  1- 3 |  4- 6 |  7- 9 | 10-12 || total
-------------------------+-------+-------+-------+-------++-------
Melee: Morningstar       |   109 |    69 |   326 |   101 ||   605
       Unarmed           |    19 |       |       |       ||    19
       Club              |    82 |    59 |   175 |       ||   316
       Headbutt          |     8 |     8 |    73 |    17 ||   106
       Mace              |       |       |    76 |    23 ||    99
Evoke: Wand              |       |       |     2 |       ||     2
  Use: Potion            |       |     2 |       |     3 ||     5
       Scroll            |       |       |     2 |     1 ||     3
  Eat: Chunk             |     1 |     4 |    14 |     6 ||    25
Armor: Gold dragon scale |   154 |   112 |   242 |    60 ||   568
Dodge: Dodged            |    49 |    28 |   128 |    26 ||   231

Inventory:

Weapons
 a - a +0 morningstar (weapon)
 h - a +0 morningstar (weapon)
Armour
 b - +2 gold dragon scales (worn)
 g - a +2 pair of gloves (worn)
 i - a +1 pair of boots (worn)
Jewellery
 n - a cursed ring of positive energy {(Curse: rC-), rN+}
 o - a ring of strength (left hand)
 w - a cursed ring of protection from magic {(Curse: *Contam)}
Wands
 u - a wand of scattershot (5)
 v - a wand of acid (1)
 x - a wand of iceblast
Scrolls
 c - a scroll of immolation
 f - a scroll of fog
 l - 3 scrolls of fear
 t - a scroll of teleportation
 y - 2 scrolls of holy word
 B - a scroll of blinking
Potions
 j - 2 potions of agility
 k - a potion of mutation
 q - a potion of invisibility
 r - 2 potions of magic
 s - a potion of brilliance
 z - a potion of berserk rage
Comestibles
 e - 9 rations


You were on level 5 of the Dungeon.
You worshipped Okawaru.
Okawaru was pleased with you.
You were not hungry.

You visited 2 branches of the dungeon, and saw 6 of its levels.
You also visited: Market.

You collected 357 gold pieces.
You spent 960 gold pieces at shops.

Dungeon Overview and Level Annotations

Branches:
Dungeon (5/8)              Temple (1/1) D:4            Lair (0/6) D:5

Altars:
Ashenzari
Cheibriados
Dithmenos
Gozag Ym Sagoz
Kikubaaqudgha
Makhleb
Nemelex Xobeh
Okawaru
Ru
Sif Muna
Trog
Vehumet
Wu Jian
Xom
Yredelemnul
Zin

Annotations:
D:4 2 transporters, KleinerIrrer's ghost, novice FaAE
D:5 exclusions: electric eel and 7 more exclusions

..÷......#.#
.#######.#.######
.......[.......>#
.##.####.#.#.##.#
.##.# #.#.#.##.#
.##.####.#.#....##
.......#.#.#.....#
###..#.#.#.#####.###
.....#.#........@))#
###..#.###...°°B.#.#
# #..#.###.#######.#
# #..#.#.........#.#
###..#.###÷####.##.#
.....#...#.# #.##.#
.....###.#.####.##.#
.....# #†#.)<]...#.#
.....###.#.#######.#


You could see a boulder beetle.

Notes
Turn   | Place    | Note
-------+----------+-------------------------------------------
     0 | Start Ma | theanonym the Minotaur Noble began the quest for the Orb.
     0 | Start Ma | Reached XP level 1. HP: 16/16 MP: 1/1
     0 | Start Ma | Found Viruiri's Expert Tomes.
     6 | Start Ma | Found Fewn's Auxillary Armour.
     7 | Start Ma | Bought +0 gold dragon scales for 800 gold pieces
    14 | Start Ma | Found Odehoep's Mashing MeleeMart.
    79 | Start Ma | Bought a +0 morningstar for 160 gold pieces
    89 | D:1      | theanonym set off with the following items: a +0
                  | morningstar, +0 gold dragon scales, a ration
   107 | D:1      | HP: 8/16 [hobgoblin/+0 club (1)]
   269 | D:1      | Reached skill level 1 in Maces & Staves
   299 | D:1      | Reached skill level 1 in Armour
   299 | D:1      | Reached XP level 2. HP: 21/24 MP: 2/2
   411 | D:1      | Reached skill level 2 in Fighting
   411 | D:1      | Reached skill level 2 in Maces & Staves
   508 | D:1      | Reached XP level 3. HP: 29/29 MP: 3/3
   678 | D:1      | Identified the cursed ring "Ystrocua" {rC+ Str+5 Int+2
                  | Stlth+, (Curse: Fragile)}
  1088 | D:2      | HP: 15/30 [worm (4)]
  1089 | D:2      | Reached skill level 3 in Maces & Staves
  1192 | D:2      | Reached skill level 2 in Armour
  1192 | D:2      | Reached XP level 4. HP: 27/37 MP: 4/4
  1257 | D:2      | Noticed a water moccasin
  1273 | D:2      | HP: 13/37 [water moccasin (7)]
  1278 | D:2      | HP: 11/37 [water moccasin (2)]
  1282 | D:2      | HP: 5/37 [giant cockroach (1)]
  1283 | D:2      | Killed a water moccasin
  1283 | D:2      | Reached skill level 3 in Fighting
  1283 | D:2      | Reached skill level 4 in Maces & Staves
  1283 | D:2      | Reached XP level 5. HP: 7/45 MP: 5/5
  1450 | D:2      | Reached skill level 3 in Armour
  1489 | D:2      | Noticed Jessica
  1505 | D:2      | Killed Jessica
  1605 | D:2      | HP: 17/45 [crocodile (8)]
  1608 | D:2      | Reached skill level 5 in Maces & Staves
  1608 | D:2      | Reached XP level 6. HP: 17/52 MP: 6/6
  1773 | D:2      | Reached skill level 4 in Fighting
  1940 | D:2      | Reached skill level 6 in Maces & Staves
  1940 | D:2      | Reached skill level 4 in Armour
  1986 | D:2      | Reached XP level 7. HP: 60/60 MP: 7/7
  2201 | D:2      | Reached skill level 5 in Fighting
  2202 | D:2      | Reached skill level 7 in Maces & Staves
  2286 | D:2      | HP: 26/61 [crocodile (7)]
  2291 | D:2      | HP: 10/61 [crocodile (13)]
  2293 | D:2      | Reached skill level 5 in Armour
  2504 | D:2      | Reached XP level 8. HP: 69/69 MP: 8/8
  2637 | D:2      | Reached skill level 8 in Maces & Staves
  2835 | D:2      | Reached skill level 6 in Fighting
  2862 | D:2      | Reached skill level 6 in Armour
  2995 | D:2      | Found a sacrificial altar of Ru.
  2995 | D:2      | Found a burning altar of Makhleb.
  3010 | D:1      | Reached skill level 9 in Maces & Staves
  4002 | D:3      | Found an opulent altar of Gozag.
  4201 | D:3      | Reached skill level 7 in Fighting
  4211 | D:3      | Reached XP level 9. HP: 47/79 MP: 9/9
  4212 | D:3      | HP: 39/79 [orc priest/divine providence (9)]
  4470 | D:3      | Reached skill level 10 in Maces & Staves
  4616 | D:4      | Reached skill level 7 in Armour
  4716 | D:4      | Found a shadowy altar of Dithmenos.
  4934 | D:4      | Found a staircase to the Ecumenical Temple.
  4943 | Temple   | Entered the Ecumenical Temple
  5014 | Temple   | Became a worshipper of Warmaster Okawaru
  5123 | D:4      | Found a radiant altar of Vehumet.
  5154 | D:4      | Reached skill level 1 in Invocations
  5156 | D:4      | Noticed a moth of wrath
  5156 | D:4      | Noticed KleinerIrrer's ghost (novice FaAE)
  5169 | D:4      | Found a bloodstained altar of Trog.
  5169 | D:4      | Found a transporter.
  5263 | D:4      | Reached skill level 11 in Maces & Staves
  5376 | D:4      | Found a transporter.
  5488 | D:5      | Entered Level 5 of the Dungeon
  5526 | D:5      | Received a gift from Okawaru
  5528 | D:5      | Reached skill level 8 in Fighting
  5528 | D:5      | Reached skill level 2 in Invocations
  5783 | D:5      | Reached * piety under Okawaru
  5783 | D:5      | Reached skill level 8 in Armour
  5798 | D:5      | Found a glowing silver altar of Zin.
  5981 | D:5      | Found a staircase to the Lair.
  6003 | D:5      | Reached XP level 10. HP: 90/90 MP: 11/11
  6040 | D:5      | HP: 45/90 [electric eel/bolt of electricity (9)]
  6040 | D:5      | Noticed a boulder beetle
  6066 | D:5      | HP: 32/90 [wolf (1)]
  6068 | D:5      | Reached skill level 3 in Invocations
  6073 | D:5      | HP: 24/90 [wolf (9)]
  6075 | D:5      | Reached ** piety under Okawaru
  6078 | D:5      | HP: 5/90 [boulder beetle (20)]
  6544 | D:5      | Reached skill level 12 in Maces & Staves
  6616 | D:5      | Identified the +3 great mace "Qady" {crush, rPois rF+ MR+}
                  | (Okawaru gifted it to you on level 5 of the Dungeon)
  6616 | D:5      | Received a gift from Okawaru
  6981 | D:5      | Reached skill level 9 in Fighting
  6994 | D:5      | Reached skill level 9 in Armour
  6994 | D:5      | Reached skill level 4 in Invocations
  7265 | D:5      | HP: 28/91 [boulder beetle (27)]
  7266 | D:5      | Mangled by a boulder beetle

Vanquished Creatures
  A merfolk (D:5)
  2 hippogriffs (D:5)
  2 yaks (D:5)
  A hungry ghost (D:5)
  3 water moccasins (D:2)
  2 orc warriors
  A necrophage (D:5)
  An ice beast (D:5)
  2 sky beasts
  5 wolves (D:5)
  An ogre (D:3)
  4 crocodiles (D:2)
  A rock worm zombie (D:4)
  2 big kobolds (D:2)
  5 bullfrogs
  A centaur (D:5)
  14 jellies
  2 howler monkeys (D:5)
  A quasit (D:5)
  4 wights (D:5)
  An electric eel (D:5)
  A crimson imp (D:4)
  7 orc priests
  5 hounds
  Jessica (D:2)
  3 iguanas
  9 orc wizards
  8 worker ants
  A water moccasin skeleton (D:5)
  A wyvern skeleton (D:4)
  5 giant cockroaches
  3 bullfrog zombies (D:4)
  3 bullfrog skeletons
  A shadow imp (D:3)
  10 adders
  3 gnolls
  24 sewer rats (D:2)
  2 white imps (D:4)
  13 cinder newts
  6 worms (D:2)
  A hound skeleton (D:5)
  7 oozes (D:2)
  A dart slug (D:1)
  17 orcs
  2 adder skeletons
  An adder zombie (D:5)
  7 bats
  5 goblins (D:1)
  5 hobgoblins (D:1)
  3 jackals (D:5)
  A quokka (D:4)
  A ball python (D:2)
  A goblin skeleton (D:2)
  7 kobolds
  2 leopard gecko skeletons
  An orc skeleton (D:2)
  4 rats
  A butterfly (D:4)
229 creatures vanquished.

Vanquished Creatures (others)
  A jelly (D:2)
  A giant cockroach (D:2)
  A bullfrog skeleton (D:4)
  An adder (D:2)
  3 sewer rats (D:2)
  A leopard gecko (D:2)
  2 orcs (D:5)
  An adder skeleton (D:2)
  2 bats (D:2)
  A jackal (D:5)
  10 kobolds (D:2)
  A ball python (D:2)
  A bat skeleton (D:2)
  2 kobold skeletons (D:2)
  2 rats (D:2)
  A giant blowfly (D:2)
  3 slimeheads (D:2)
  149 withered plants (D:2)
183 creatures vanquished.

Grand Total: 412 creatures vanquished

Table legend:
 A = Turns spent in this place as a percentage of turns spent in the entire game.
 B = Non-inter-level travel turns spent in this place as a percentage of non-inter-level travel turns spent in the entire game.
 C = Inter-level travel turns spent in this place as a percentage of turns spent in this place.
 D = Turns resting spent in this place as a percentage of non-inter-level travel turns spent in this place.
 E = Turns spent auto-exploring this place as a percentage of non-inter-level travel turns spent in this place.
 F = Non-inter-level travel turns spent in this place divided by the number of levels of this place that you've seen.
                   A       B       C       D       E      F
               +-------+-------+-------+-------+-------+----------------------
         Total | 100.0 | 100.0 |   3.8 |  29.5 |  47.4 | 999.0
       Dungeon |  97.6 |  97.7 |   3.6 |  30.2 |  47.5 | 1366.4
        Temple |   1.2 |   1.0 |  17.2 |   0.0 |  91.7 |  72.0
        Market |   1.2 |   1.3 |   0.0 |   0.0 |   0.0 |  89.0
               +-------+-------+-------+-------+-------+----------------------
